 Dungeon Crawl Stone Soup version 0.30-a0-726-gd89dcf765f (webtiles) character file.

Game seed: 13026315413289141040

51714 sokol815 the Severer (level 14, -4/121 HPs)
             Began as a Demonspawn Chaos Knight on Jan 30, 2023.
             Was a Plaything of Xom.
             Shot with an arrow by Nessos (9 damage)
             ... on level 12 of the Dungeon.
             The game lasted 00:49:19 (18288 turns).

sokol815 the Severer (Demonspawn Chaos Knight)     Turns: 18288, Time: 00:49:21

Health: -4/121     AC:  9    Str: 17    XL:     14   Next: 24%
Magic:  0/14       EV: 17    Int: 14    God:    Xom [...*..]
Gold:   1043       SH:  0    Dex: 11    Spells: 13/13 levels left

rFire   x . .      SeeInvis .    a - +8 executioner's axe (elec)
rCold   + . .      Faith    .    (shield currently unavailable)
rNeg    . . .      Spirit   +    T - +1 troll leather armour {Snorg}
rPois   +          Reflect  .    (helmet restricted)
rElec   .          Harm     .    Q - +0 cloak
rCorr   .          Rampage  .    (no gloves)
Will    ++...                    n - +0 pair of boots
Stlth   +                        t - amulet of guardian spirit
HPRegen 2.20/turn                w - +5 ring of evasion
MPRegen 0.14/turn                c - ring of ice {rC+, rF-}

@: unable to read
A: antennae 2, thin metallic scales 1, foul stench 2, powered by death 3, clumsy
1, strong-willed 1, poison resistance, inability to read after injury 1, sturdy
frame 1
a: Renounce Religion


You were on level 12 of the Dungeon.
You worshipped Xom.
You were a favourite toy of Xom.
You visited 2 branches of the dungeon, and saw 17 of its levels.
You also visited: Sewer.

You collected 1163 gold pieces.
You spent 120 gold pieces at shops.

Inventory:

Hand Weapons
 a - a +8 executioner's axe of electrocution (weapon)
   (You acquired it on level 3 of the Dungeon)
 b - the +1 flail "Caomipnez" {heavy, rC+ Dex+3}
   (You found it on level 2 of the Lair of Beasts)

   Dex:       It affects your dexterity (+3).
   rC:        It protects you from cold.
 C - a +2 vampiric battleaxe
   (Xom gifted it to you on level 1 of the Lair of Beasts)
 S - the +9 rapier of Shrieking Terror {flame, rF+}
   (You found it on level 12 of the Dungeon)

   rF:        It protects you from fire.
Missiles
 k - 11 atropa-tipped darts
 l - 8 boomerangs
 r - 3 javelins
 u - 21 poisoned darts
 x - 8 throwing nets {!d}
Armour
 h - quicksilver dragon scales
   (You found it on level 8 of the Dungeon)
 n - a +0 pair of boots (worn)
   (You found it on level 12 of the Dungeon)
 Q - a +0 cloak (worn)
   (You found it on level 5 of the Dungeon)
 T - a +1 troll leather armour (worn) {Snorg}
   (You found it on level 5 of the Lair of Beasts)
Jewellery
 c - a ring of ice (right hand) {rC+, rF-}
   (You found it on level 5 of the Dungeon)
 e - a ring of resist corrosion
   (You found it on level 9 of the Dungeon)
 f - the ring "Firas" {*Slow +Blink rC+ Will- Int+8}
   (Xom gifted it to you in a sewer)

   [ring of protection from cold]

   Int:       It affects your intelligence (+8).
   rC:        It protects you from cold.
   +Blink:    It lets you blink.
   *Slow:     It may slow you when you take damage.
   Will:      It decreases your willpower.
 t - an amulet of guardian spirit (around neck)
   (You found it on level 3 of the Dungeon)
 w - a +5 ring of evasion (left hand)
   (You found it on level 5 of the Dungeon)
 A - a +4 ring of protection
   (You found it on level 9 of the Dungeon)
 F - a ring of flight {+Fly, !d}
   (You found it on level 5 of the Dungeon)
 Z - a ring of wizardry {Wiz+, !d}
   (You found it on level 1 of the Dungeon)
Wands
 d - a wand of digging (6)
   (You took it off Amaemon on level 2 of the Lair of Beasts)
 i - a wand of iceblast (2)
   (You found it on level 4 of the Lair of Beasts)
 j - a wand of polymorph (4)
   (You found it on level 2 of the Lair of Beasts)
 o - a wand of light (10)
   (You found it on level 11 of the Dungeon)
 p - a wand of paralysis (8)
   (You found it on level 7 of the Dungeon)
 q - a wand of flame (17)
   (You found it on level 6 of the Dungeon)
 y - a wand of mindburst (14)
   (You found it on level 3 of the Dungeon)
Scrolls
 m - a scroll of poison {!r}
 D - a scroll of blinking {!r}
 E - a scroll of fear
 K - 2 scrolls of immolation {!r}
 O - 3 scrolls of silence
 V - 4 scrolls of vulnerability {!r!r}
 W - a scroll of identify {@r1}
 X - 4 scrolls of magic mapping {@r4!r}
 Y - 13 scrolls of teleportation {@r3}
Potions
 v - 2 potions of attraction {!q}
 z - 2 potions of magic
 B - 5 potions of brilliance
 G - 2 potions of ambrosia {!q}
 H - a potion of haste
 I - 3 potions of invisibility
 J - 9 potions of curing {@q1}
 L - 4 potions of flight
 M - a potion of might
 N - 4 potions of heal wounds {@q2}
 P - a potion of lignification {!q}
 R - 3 potions of resistance
 U - 3 potions of mutation {!q}
Miscellaneous
 g - a tin of tremorstones (2/2)
   (You found it on level 3 of the Lair of Beasts)
 s - a piece from Xom's chessboard (15/15)


   Skills:
 * Level 14.6 Fighting
 + Level 18.6 Axes
 + Level 2.9 Armour
 + Level 2.3 Dodging


You had 13 spell levels left.
You didn't know any spells.
Your spell library contained the following spells:

 Spells                   Type           Power      Damage    Failure   Level
 Slow                     Hex            0%         N/A       30%         1
 Lesser Beckoning         Tloc           0%         N/A       41%         2
 Sublimation of Blood     Necr           0%         N/A       41%         2
 Wereblood                Tmut           0%         N/A       41%         2
 Call Canine Familiar     Summ           0%         N/A       65%         3
 Confusing Touch          Hex            0%         N/A       65%         3
 Gell's Gravitas          Tloc           0%         N/A       65%         3
 Inner Flame              Hex/Fire       0%         N/A       65%         3
 Kindle Blastsparks       Fire/Tloc/Air  0%         2d10      65%         3
 Portal Projectile        Hex/Tloc       0%         N/A       65%         3
 Teleport Other           Tloc           0%         N/A       65%         3
 Vampiric Draining        Necr           0%         2d6       65%         3
 Cause Fear               Hex            0%         N/A       96%         4
 Flame Wave               Conj/Fire      0%         2d4       96%         4
 Fulminant Prism          Conj/Hex       0%         3d5       96%         4
 Iskenderun's Mystic Bla  Conj/Tloc      0%         2d3       96%         4
 Leda's Liquefaction      Hex/Erth       0%         N/A       96%         4
 Petrify                  Tmut/Erth      0%         N/A       96%         4
 Sticky Flame             Conj/Fire      0%         2d3       96%         4
 Irradiate                Conj/Tmut      0%         3d11      100%        5
 Lee's Rapid Deconstruct  Erth           0%         3d4*      100%        5
 Metabolic Englaciation   Hex/Ice        0%         N/A       100%        5
 Statue Form              Tmut/Erth      0%         N/A       100%        6
 Summon Hydra             Summ           0%         N/A       100%        7
 Discord                  Hex            0%         N/A       100%        8


Dungeon Overview and Level Annotations

Branches:
Dungeon (12/15) Zot: 26667  Temple (0/1) D:4            Lair (5/5) D:10 Zot: 23139
 Shoals (0/4) Lair:2        Snake (0/4) Lair:3        Slime (0/5) Lair:4
    Orc (0/2) D:9           Sewer (visited)

Altars:
Dithmenos
Hepliaklqana
Qazlal
Ru
Trog
Uskayaw
Wu Jian
Xom
Yredelemnul
Jiyva

Shops:
D:3 !   D:5 (   D:8 *

Annotations:
D:5 2 runed translucent doors, hgbash's ghost, novice OpFE
D:6 1 runed translucent door, Crazy Yiuf
D:10 6 transporters
D:12 Nessos


Innate Abilities, Weirdness & Mutations

You have a pair of antennae on your head.
You are partially covered in thin metallic scales. (AC +2)
You sometimes emit foul miasma when damaged in melee.
You regenerate a lot of health from kills.
You are clumsy. (Dex -2)
You are strong-willed. (Will+)
Your system is resistant to poisons. (rPois)
You occasionally lose the ability to read scrolls when taking damage.
Your movements are slightly less encumbered by armour. (ER -2)


Message History

Your pack is full.
You see here a +0 pair of boots.
You regained 2 hp, and now have 112/121 hp.
You drop a staff of fire {rF+}.
n - a +0 pair of boots You start putting on your armour.
You continue putting on your +0 pair of boots. x4
You finish putting on your +0 pair of boots.
You regained 6 hp, and now have 120/121 hp.
MP restored: 14 You now have 1043 gold pieces (gained 21).
Y - 13 scrolls of teleportation {@r3} (gained 1)
Found a stone staircase leading down.
Health restored: 121 Unknown command.
A two-headed ogre comes into view.
It is wielding a +0 giant spiked club and a +0 giant club.
The two-headed ogre shouts in stereo!
Found a plate armour.
Found a stone staircase leading up.
The two-headed ogre barely misses you.
The two-headed ogre hits you with a +0 giant club!
You take 10 damage, and have 111/121 hp.
You now have 13/14 mp.
You slice the two-headed ogre!! You barely miss the two-headed ogre.
The two-headed ogre completely misses you. x2
You slash the two-headed ogre!
The two-headed ogre hits you with a +0 giant spiked club!!
The two-headed ogre barely misses you.
You take 22 damage, and have 91/121 hp.
You now have 10/14 mp.
You slice the two-headed ogre!!
You kill the two-headed ogre!
You regained 3 hp, and now have 94/121 hp.
Things that are here:
a +0 giant spiked club; a +0 giant club
Found a stone staircase leading up.
Health restored: 121; MP restored: 14 You see here a +0 plate armour.
There is a stone staircase leading up here.
There is a stone staircase leading up here.
You sense a monster nearby.
Nessos, a gargoyle and a centaur come into view.
Nessos shouts!
The centaur shouts!
The centaur wields a +0 shortbow.
The centaur shoots an arrow.
The arrow misses you.
Nessos mumbles some strange words.
Nessos blinks!
Nessos wields a +2 longbow of flaming.
It bursts into flame!
Nessos shoots an arrow.
The arrow hits you! The arrow burns you!
The centaur shoots an arrow.
The arrow barely misses you.
You take 20 damage, and have 101/121 hp.
You now have 11/14 mp.
Really read
m - 2 scrolls of poison {!r}?
The air fills with toxic fumes!
As you read the scroll of poison {!r}, it crumbles to dust.
Xom titters.
You are confused.
Nessos looks rather confused.
The centaur looks rather confused.
You regained 2 hp, and now have 103/121 hp.
You are too confused!
You feel better.
The centaur is engulfed in poison gas.
The centaur is poisoned.
Nessos is poisoned.
Nessos drinks a potion.
Nessos looks more healthy.
Nessos seems less confused.
Nessos is engulfed in poison gas.
Nessos is poisoned.
Nessos shoots an arrow.
The arrow hits you! The arrow burns you.
The centaur is engulfed in poison gas.
The centaur looks even sicker.
You take 11 damage, and have 92/121 hp.
You now have 9/14 mp.
Aim: Nessos, wielding a +2 longbow of flaming and wearing a +0 barding (poison gas, lightly wounded, poisoned, chance to affect: 64%) Nessos struggles to resist.
Nessos is engulfed in poison gas.
Nessos looks even sicker.
Nessos shoots an arrow.
The arrow hits you! The arrow burns you.
You take 12 damage, and have 80/121 hp.
You now have 8/14 mp.
Aim: Nessos, wielding a +2 longbow of flaming and wearing a +0 barding (poison gas, lightly wounded, very poisoned, chance to affect: 64%) Nessos's mind is blasted!
The centaur looks even sicker.
Nessos is engulfed in poison gas.
Nessos looks even sicker.
Nessos is engulfed in poison gas.
Nessos looks as sick as possible!
The centaur is engulfed in poison gas.
The centaur looks as sick as possible!
Aim: Nessos, wielding a +2 longbow of flaming and wearing a +0 barding (poison gas, heavily wounded, extremely poisoned, chance to affect: 64%) Nessos struggles to resist.
The centaur is engulfed in poison gas.
The centaur looks as sick as possible!
Nessos is engulfed in poison gas.
Nessos looks as sick as possible!
Nessos shoots an arrow.
The arrow hits you!! The arrow burns you.
The gargoyle hurls a stone arrow at you.
The stone arrow hits you!!
You feel threatened and lose the ability to read scrolls!
* * * LOW HITPOINT WARNING * * *
You take 50 damage, and have 31/121 hp.
MASSIVE DAMAGE!!
You now have 3/14 mp.
The gargoyle attacks as you move away! The gargoyle barely misses you.
You feel a bit more experienced.
Nessos is engulfed in poison gas.
Nessos looks as sick as possible!
Nessos shoots an arrow.
The arrow misses you.
The gargoyle hurls a stone arrow at you.
The stone arrow hits you!
* * * LOW HITPOINT WARNING * * *
Nessos is engulfed in poison gas.
Nessos looks as sick as possible!
Nessos shoots an arrow.
The arrow hits you!
* * * LOW HITPOINT WARNING * * *
The arrow burns you!
You die...
Xom guffaws!

#§.§§§§.# #.# #
#§§§§§§§# #.# #
#§§§§§§c# #.# #
#§§§§§§§#
#.#########
#§§.§§§§#
#..........
#§§§§§§§#
#..........
#§.§c§9☼#
#.......... #.#
#.......... #@#
#.......... #§#
#.......... #§#
#..........
#§######>.........
#§§...............
#§§...............
#§######..........
#.# #..........
#.# #..........


You could see Nessos (extremely poisoned) and a gargoyle.

Vanquished Creatures
  Snorg (Lair:5)
  6 hydras
  2 catoblepae
  2 boulder beetles
  4 two-headed ogres
  A deep troll shaman (Lair:5)
  11 death yaks
  Amaemon (Lair:2)
  3 lindwurms
  12 elephants
  4 black mambas
  An orange demon (Lair:2)
  6 cane toads
  5 rime drakes
  A torpor snail (Lair:1)
  7 komodo dragons
  4 trolls
  4 polar bears
  Grinder (D:6)
  23 blink frogs
  5 slime creatures
  A shadow (D:9)
  4 wyverns
  3 wraiths
  40 yaks
  A fire bat (D:11)
  Grum (D:8)
  3 basilisks
  2 steam dragons
  6 vampire mosquitoes (D:11)
  Menkaure (D:4)
  2 nagas (Lair:3)
  2 acid dragons
  Duvessa (D:6)
  8 water moccasins
  A sky beast (D:7)
  2 orc warriors (D:9)
  A black bear (Lair:5)
  2 boggarts
  2 ogres
  16 wolves
  3 phantoms
  12 centaurs
  2 kobold brigands
  A gnoll sergeant (D:11)
  10 bullfrogs
  3 scorpions
  2 necrophages (D:7)
  6 wights (D:8)
  Dowan (D:6)
  2 electric eels (Lair:3)
  9 jellies
  A gnoll bouda (D:7)
  3 orc priests
  A hound (D:6)
  4 iguanas
  10 orc wizards
  16 gnolls
  5 river rats
  7 adders
  A white imp (D:8)
  An ufetubus (D:6)
  8 worms
  2 dart slugs
  29 orcs
  9 endoplasms
  5 giant cockroaches
  6 goblins
  4 hobgoblins
  9 jackals
  32 kobolds
  3 quokkas
  15 ball pythons
  4 bats
  A frilled lizard (D:1)
  32 rats
462 creatures vanquished.

Vanquished Creatures (collateral kills)
  A rime drake (Lair:3)
  A naga (Lair:3)
  An ogre (D:6)
  A gnoll sergeant (D:5)
  6 gnolls
  An orc (D:6)
11 creatures vanquished.

Vanquished Creatures (others)
  An orc (D:9)
  17 fungi
  30 plants
48 creatures vanquished.

Grand Total: 521 creatures vanquished

Notes
Turn   | Place    | Note
-------+----------+-------------------------------------------
     0 | D:1      | sokol815 the Demonspawn Chaos Knight began the quest for
                  | the Orb.
     0 | D:1      | Reached XP level 1. HP: 18/18 MP: 1/1
   120 | D:1      | Reached skill level 3 in Axes
   225 | D:1      | Gained mutation: You regenerate a little health from kills.
                  | [demonic ancestry]
   225 | D:1      | Reached XP level 2. HP: 24/24 MP: 2/2
   379 | D:1      | XOM: silly message
   578 | D:1      | XOM: silly message
   918 | D:2      | Reached XP level 3. HP: 29/29 MP: 3/3
  1014 | D:2      | Reached skill level 4 in Axes
  1034 | D:2      | XOM: 2-stop teleportation journey
  1610 | D:2      | Reached XP level 4. HP: 28/35 MP: 4/4
  1749 | D:3      | Identified a scroll of acquirement
  1749 | D:3      | Acquired a +2 executioner's axe of electrocution
  1824 | D:3      | Found Petzowyrit's Distillery.
  2197 | D:3      | Found an ornate altar of the Wu Jian Council.
  2197 | D:3      | Found a sacrificial altar of Ru.
  2236 | D:3      | Found a glowing drain.
  2244 | D:3      | HP: 6/34 [worm (7)]
  2250 | D:3      | HP: 4/34 [worm (4)]
  2260 | D:3      | XOM: summons friendly ufetubus
  2265 | D:3      | HP: 4/34 [river rat (4)]
  2267 | D:3      | Reached skill level 5 in Axes
  2271 | D:3      | HP: 4/35 [worm (2)]
  2280 | Sewer    | Entered a sewer
  2366 | Sewer    | Identified the ring "Firas" {*Slow +Blink rC+ Will- Int+8}
                  | (Xom gifted it to you in a sewer)
  2366 | Sewer    | XOM: god gift: ring "Firas" {*Slow +Blink rC+ Will- Int+8}
  2488 | Sewer    | XOM: polymorph rat -> ball python
  2497 | Sewer    | Gained mutation: You regenerate health from kills. [demonic
                  | ancestry]
  2497 | Sewer    | Reached XP level 5. HP: 29/41 MP: 5/5
  2694 | Sewer    | Identified the +1 falchion "Fuikhen" {drain, Str+3 Int-3}
  2744 | Sewer    | XOM: cleaving
  3143 | D:3      | Found a basalt altar of Yredelemnul.
  3145 | D:3      | Found a stormy altar of Qazlal.
  3147 | D:3      | Found a bloodstained altar of Trog.
  3204 | D:3      | XOM: summons 1 hostile demon
  3214 | D:3      | XOM: divination: detect creatures
  3310 | D:3      | Bought a potion of curing for 36 gold pieces
  3310 | D:3      | Bought a potion of heal wounds for 60 gold pieces
  3347 | D:3      | XOM: give mutations
  3347 | D:3      | Gained mutation: Your muscles are strong. (Str +4, Int/Dex
                  | -1) [Xom's mischief]
  3347 | D:3      | Gained mutation: You occasionally lose the ability to read
                  | scrolls when taking damage. [Xom's mischief]
  3347 | D:3      | Gained mutation: Your flesh is cold resistant. (rC+) [Xom's
                  | mischief]
  3488 | D:3      | XOM: noise
  3500 | D:3      | Reached skill level 6 in Axes
  3833 | D:4      | Found a staircase to the Ecumenical Temple.
  3906 | D:4      | Gained mutation: You may rarely emit foul miasma when
                  | damaged in melee. [demonic ancestry]
  3906 | D:4      | Reached XP level 6. HP: 47/47 MP: 6/6
  3929 | D:4      | XOM: divination: detect items
  3931 | D:4      | XOM: enchant monster (bad)
  3936 | D:4      | Noticed Menkaure
  3936 | D:4      | XOM: 1-stop teleportation journey
  3943 | D:4      | XOM: enchant monster (good)
  3985 | D:4      | Killed Menkaure
  3996 | D:4      | XOM: 4-stop teleportation journey
  3997 | D:4      | XOM: scenery: summon butterflies
  4006 | D:4      | XOM: cast spell 'Alistair's Intoxication'
  4015 | D:4      | Reached skill level 7 in Axes
  4235 | D:4      | XOM: 1-stop teleportation journey
  4457 | D:4      | XOM: silly message
  4476 | D:4      | XOM: cast spell 'Discord'
  4483 | D:4      | Gained mutation: You regenerate a lot of health from kills.
                  | [demonic ancestry]
  4483 | D:4      | Reached XP level 7. HP: 24/52 MP: 4/7
  4646 | D:5      | Entered Level 5 of the Dungeon
  5072 | D:5      | XOM: give mutations
  5072 | D:5      | Gained mutation: Your body sometimes deteriorates upon
                  | taking damage. [Xom's mischief]
  5072 | D:5      | Gained mutation: You are dopey. (Int -2) [Xom's mischief]
  5097 | D:5      | Reached skill level 8 in Axes
  5181 | D:5      | Found a runed translucent door.
  5185 | D:5      | Noticed hgbash's ghost (novice OpFE)
  5252 | D:5      | XOM: summons 6 friendly demons
  5429 | D:5      | Found Fankes's Antique Weapon Shoppe.
  5451 | D:5      | Found a runed translucent door.
  5525 | D:5      | XOM: god gift: scroll of teleportation
  5645 | D:5      | XOM: scenery: summon butterflies
  5825 | D:5      | XOM: stat loss: -1 Dex (10/11)
  5869 | D:6      | XOM: scenery: 1 doors open, 1 doors close
  5871 | D:6      | XOM: polymorph gnoll -> hobgoblin
  5878 | D:6      | XOM: polymorph gnoll sergeant -> hound
  5889 | D:6      | XOM: 7-stop teleportation journey
  5891 | D:6      | XOM: polymorph orc -> jackal
  5930 | D:6      | XOM: confuse monster(s)
  5935 | D:6      | Reached skill level 9 in Axes
  5935 | D:6      | Reached XP level 8. HP: 58/58 MP: 8/8
  6287 | D:6      | Found a shadowy altar of Dithmenos.
  6425 | D:6      | XOM: give mutation
  6425 | D:6      | Gained mutation: You are agile. (Dex +4, Str/Int -1) [Xom's
                  | mischief]
  6484 | D:6      | XOM: give mutation
  6484 | D:6      | Gained mutation: You have a pair of small horns on your
                  | head. [Xom's grace]
  6518 | D:6      | Noticed Grinder
  6521 | D:6      | Killed Grinder
  6639 | D:6      | Reached skill level 10 in Axes
  6659 | D:6      | Noticed Duvessa
  6660 | D:6      | Noticed Dowan
  6666 | D:6      | Killed Duvessa
  6667 | D:6      | Killed Dowan
  6787 | D:6      | Found a runed translucent door.
  6788 | D:6      | Noticed Crazy Yiuf
  7008 | D:7      | XOM: polymorph steam dragon -> boggart
  7016 | D:7      | Reached skill level 11 in Axes
  7107 | D:7      | Lost mutation: You have a pair of small horns on your head.
                  | [demonic ancestry]
  7107 | D:7      | Gained mutation: You have a pair of small antennae on your
                  | head. [demonic ancestry]
  7107 | D:7      | Reached XP level 9. HP: 63/63 MP: 9/9
  7447 | D:7      | XOM: summons friendly crimson imp
  7870 | D:7      | XOM: give mutations
  7870 | D:7      | Gained mutation: Your system is resistant to poisons.
                  | (rPois) [Xom's grace]
  7870 | D:7      | Gained mutation: You are strong-willed. (Will+) [Xom's
                  | grace]
  7870 | D:7      | Gained mutation: Your muscles are very strong. (Str +8,
                  | Int/Dex -2) [Xom's grace]
  7905 | D:8      | Reached skill level 12 in Axes
  8037 | D:8      | Reached skill level 13 in Axes
  8051 | D:8      | Noticed a two-headed ogre
  8118 | D:8      | XOM: scenery: create altars
  8120 | D:8      | XOM: cast spell 'Dispersal'
  8128 | D:8      | Killed a two-headed ogre
  8129 | D:8      | Gained mutation: You sometimes emit foul miasma when
                  | damaged in melee. [demonic ancestry]
  8129 | D:8      | Reached XP level 10. HP: 47/70 MP: 8/10
  8247 | D:8      | XOM: give mutations
  8247 | D:8      | Gained mutation: Your movements are slightly less
                  | encumbered by armour. (ER -2) [Xom's grace]
  8247 | D:8      | Gained mutation: Your natural rate of healing is unusually
                  | fast. [Xom's grace]
  8396 | D:8      | Noticed Grum
  8398 | D:8      | XOM: scenery: summon butterflies
  8399 | D:8      | XOM: smoke on damage
  8401 | D:8      | Killed Grum
  8410 | D:8      | Found Ihuky's General Store.
  8416 | D:8      | Reached skill level 14 in Axes
  8479 | D:8      | Bought a scroll of identify for 24 gold pieces
  8803 | D:9      | XOM: scenery: summon butterflies
  8860 | D:9      | Found a staircase to the Orcish Mines.
  8905 | D:9      | XOM: summons 10 friendly demons
  8907 | D:9      | XOM: 5-stop teleportation journey
  9054 | D:9      | Reached skill level 15 in Axes
  9237 | D:9      | XOM: god gift: white potion {god gift}
  9303 | D:9      | Found a hazy altar of Hepliaklqana.
  9319 | D:9      | XOM: scenery: summon butterflies
  9320 | D:10     | Entered Level 10 of the Dungeon
  9320 | D:10     | XOM: scenery: 2 doors open
  9322 | D:10     | XOM: polymorph orc warrior -> boggart
  9418 | D:10     | XOM: divination: detect creatures
  9421 | D:10     | XOM: polymorph steam dragon -> iguana
  9476 | D:10     | Found a transporter.
  9479 | D:10     | Found a transporter.
  9514 | D:10     | Found a staircase to the Lair.
  9578 | D:10     | Noticed a two-headed ogre
  9586 | D:10     | XOM: cast spell 'Death Channel'
  9587 | D:10     | HP: 8/70 [two-headed ogre/+0 giant club (14)]
  9587 | D:10     | HP: 3/70 [two-headed ogre/+0 giant club (5)]
  9589 | D:10     | Killed a two-headed ogre
  9590 | D:10     | Gained mutation: You have a pair of antennae on your head.
                  | [demonic ancestry]
  9590 | D:10     | Reached XP level 11. HP: 32/75 MP: 1/11
  9678 | D:10     | Found a transporter.
  9681 | D:10     | Found a transporter.
  9685 | D:10     | Identified the +3 robe of Ihoyvvel {+Inv Int-4 Dex+2}
  9927 | D:10     | Found a transporter.
  9929 | D:10     | Found a transporter.
 10099 | D:11     | XOM: polymorph centaur -> fire bat
 10164 | D:11     | Reached skill level 16 in Axes
 10320 | D:11     | Noticed a two-headed ogre
 10321 | D:11     | XOM: polymorph orc -> dart slug
 10327 | D:11     | Killed a two-headed ogre
 10523 | D:11     | Found a viscous altar of Jiyva.
 10849 | D:11     | XOM: potion effect (might)
 10948 | D:11     | XOM: scenery: 2 doors close
 10998 | D:11     | XOM is BORED!
 10998 | D:11     | XOM: give mutation
 10998 | D:11     | Lost mutation: Your natural rate of healing is unusually
                  | fast. [Xom's mischief]
 11046 | Lair:1   | Entered Level 1 of the Lair of Beasts
 11064 | Lair:1   | XOM: enchant monster (good)
 11068 | Lair:1   | Reached skill level 4 in Fighting
 11071 | Lair:1   | XOM: enchant monster (good)
 11098 | Lair:1   | XOM: 3-stop teleportation journey
 11105 | Lair:1   | Reached skill level 5 in Fighting
 11116 | Lair:1   | XOM: cleaving
 11120 | Lair:1   | XOM: cleaving
 11123 | Lair:1   | Reached skill level 6 in Fighting
 11235 | Lair:1   | XOM: potion effect (brilliance)
 11238 | Lair:1   | Gained mutation: You are partially covered in thin metallic
                  | scales. (AC +2) [demonic ancestry]
 11238 | Lair:1   | Reached XP level 12. HP: 80/89 MP: 9/12
 11240 | Lair:1   | Reached skill level 7 in Fighting
 11240 | Lair:1   | Reached skill level 17 in Axes
 11268 | Lair:1   | XOM: noise
 11406 | Lair:1   | XOM: silly message
 11599 | Lair:1   | XOM: scenery: create altars
 11699 | Lair:1   | XOM: god gift: +2 vampiric battleaxe
 12025 | Lair:2   | Reached skill level 8 in Fighting
 12178 | Lair:2   | Noticed Amaemon
 12185 | Lair:2   | XOM: silly message
 12190 | Lair:2   | Killed Amaemon
 12315 | Lair:2   | XOM: 3-stop teleportation journey
 12393 | Lair:2   | Found a staircase to the Shoals.
 12418 | Lair:2   | Identified the +1 flail "Caomipnez" {heavy, rC+ Dex+3}
 12429 | Lair:2   | Noticed a death yak
 12429 | Lair:2   | Noticed a death yak
 12429 | Lair:2   | Noticed a death yak
 12430 | Lair:2   | Noticed a death yak
 12443 | Lair:2   | Killed a death yak
 12447 | Lair:2   | Killed a death yak
 12448 | Lair:2   | Reached skill level 9 in Fighting
 12459 | Lair:2   | Killed a death yak
 12466 | Lair:2   | Killed a death yak
 12800 | Lair:3   | XOM: summons 12 friendly demons
 12815 | Lair:3   | Noticed a death yak
 12815 | Lair:3   | Noticed a death yak
 12819 | Lair:3   | Noticed a death yak
 12820 | Lair:3   | Found a staircase to the Snake Pit.
 12824 | Lair:3   | Reached skill level 10 in Fighting
 12827 | Lair:3   | Killed a death yak
 12830 | Lair:3   | Killed a death yak
 12834 | Lair:3   | XOM: noise
 12835 | Lair:3   | Killed a death yak
 12868 | Lair:3   | Reached skill level 11 in Fighting
 12896 | Lair:3   | Noticed a five-headed hydra
 12905 | Lair:3   | Killed a five-headed hydra
 12906 | Lair:3   | Reached XP level 13. HP: 96/106 MP: 8/13
 12971 | Lair:3   | XOM: silly message
 13107 | Lair:3   | XOM: smoke on damage
 13197 | Lair:3   | XOM: 3-stop teleportation journey
 13518 | Lair:3   | XOM: divination: detect items
 13520 | Lair:3   | XOM: summons 4 hostile shadow creatures
 13522 | Lair:3   | XOM: summons friendly ufetubus
 13524 | Lair:3   | XOM: summons 3 friendly demons
 13526 | Lair:3   | XOM: blink monster(s)
 13528 | Lair:3   | XOM: summons friendly white imp
 13593 | Lair:3   | XOM: enchant monster (good)
 13772 | Lair:3   | XOM: draining
 13773 | Lair:3   | XOM: blink monster(s)
 13853 | Lair:3   | XOM: give mutations
 13853 | Lair:3   | Lost mutation: You are dopey. (Int -2) [Xom's mischief]
 13853 | Lair:3   | Lost mutation: Your muscles are very strong. (Str +8,
                  | Int/Dex -2) [Xom's mischief]
 13853 | Lair:3   | Lost mutation: Your flesh is cold resistant. (rC+) [Xom's
                  | mischief]
 13853 | Lair:3   | Lost mutation: Your body sometimes deteriorates upon taking
                  | damage. [Xom's mischief]
 14248 | Lair:3   | HP: 22/99 [seven-headed hydra (6)]
 14418 | Lair:3   | XOM: god gift: scroll of blinking
 14430 | Lair:3   | XOM: god gift: glaive {god gift}
 14488 | Lair:4   | HP: 15/103 [lindwurm/blast of flame (31)]
 14764 | Lair:4   | Reached skill level 12 in Fighting
 14907 | Lair:4   | XOM: scenery: summon butterflies
 14998 | Lair:4   | Reached skill level 18 in Axes
 15119 | Lair:4   | Found a staircase to the Slime Pits.
 15219 | Lair:4   | XOM: give mutations
 15219 | Lair:4   | Lost mutation: You are agile. (Dex +4, Str/Int -1) [Xom's
                  | mischief]
 15219 | Lair:4   | Gained mutation: You are clumsy. (Dex -2) [Xom's mischief]
 15219 | Lair:4   | Lost mutation: Your muscles are strong. (Str +4, Int/Dex
                  | -1) [Xom's mischief]
 15506 | Lair:4   | XOM: confuse monster(s)
 15507 | Lair:4   | HP: 24/109 [eight-headed hydra (10)]
 15857 | Lair:4   | XOM: noise
 15934 | Lair:5   | Entered Level 5 of the Lair of Beasts
 15934 | Lair:5   | Found a hide-covered altar of Uskayaw.
 15968 | Lair:5   | XOM: divination: magic mapping
 16149 | Lair:5   | Noticed Snorg
 16162 | Lair:5   | Killed Snorg
 16171 | Lair:5   | XOM: enchant monster (bad)
 16253 | Lair:5   | Reached skill level 13 in Fighting
 16502 | Lair:5   | XOM: potion effect (invisibility)
 16574 | Lair:5   | XOM: 1-stop teleportation journey
 16586 | Lair:5   | XOM: stat loss: -1 Dex (10/11)
 16674 | Lair:5   | XOM: silly message
 16867 | Lair:5   | Reached skill level 14 in Fighting
 17243 | Lair:5   | Reached XP level 14. HP: 117/120 MP: 11/14
 17278 | Lair:5   | XOM: cast spell 'Olgreb's Toxic Radiance'
 17281 | Lair:5   | Reached skill level 1 in Dodging
 17284 | Lair:5   | Reached skill level 2 in Armour
 17444 | Lair:5   | XOM: scenery: create altars
 17451 | Lair:5   | Reached skill level 2 in Dodging
 17462 | Lair:5   | XOM: silly message
 17674 | Lair:5   | XOM: noise
 17726 | Lair:5   | Identified the +1 leather armour of the Albatross {*Slow
                  | rF- rN+ Int+5}
 17961 | D:12     | XOM: enchant monster (good)
 17981 | D:12     | Identified the +9 rapier of Shrieking Terror {flame, rF+}
 18282 | D:12     | Noticed Nessos
 18283 | D:12     | XOM: confusion (+ monsters)
 18288 | D:12     | HP: 17/121 [gargoyle/stone arrow (16)]
 18288 | D:12     | HP: 5/121 [Nessos/arrow (12)]
 18288 | D:12     | Shot with an arrow by Nessos

Illustrated notes

Levels and vault maps discovered:
D:1:      lightli_arrival_farm, layout_loops_ring
D:2:      layout_loops_corners, serial_bayou_pond_a, minmay_misc_feat_plants,
          minmay_hedge_maze
D:3:      layout_loops_corners, chequers_temple_overflow_minitemple,
          portal_sewer_entry_a, serial_shops, nicolae_shop_advertising_works
          [nicolae_subvault_shop_adworks], minmay_bisected
D:4:      layout_basic, minmay_temple_entry_purple_smoke,
          minmay_strange_pillars, uniq_menkaure
D:5:      layout_cave_pods, serial_shops, nicolae_square_shop,
          ebering_ghost_sewer_f, dreamdust_mushroom_princess,
          minmay_misc_feat_iff
D:6:      layout_gridville, grunt_dithmenos_smoke, kennysheep_generic_room_14,
          uniq_grinder, uniq_crazy_yiuf_cottage, uniq_duvessa
D:7:      layout_loops_corners, glass_columns_a, roderic_roman_lattice,
          kennysheep_doodads, minmay_misc_feat_hallway, minivault_11
D:8:      layout_basic, serial_shops, nicolae_shop_statue_plus, uniq_grum
D:9:      layout_cave_pools, marbit_many_paths, hiddenorc1_lemuel,
          feat_on_display
D:10:     layout_roguey, lair_entry_dummy, serial_nicolae_subway,
          nicolae_sub_station_crystal, nicolae_sub_station_metal,
          nicolae_sub_station_stone
D:11:     layout_grid_maze, jiyva_altar_1
D:12:     layout_long_grid, uniq_kirke, uniq_nessos
Lair:1:   layout_misc_corridors, grunt_forest_large_clearing_hut,
          grunt_megastairs_4
Lair:2:   layout_hall_layers, elwin_shoals_entry_rocks,
          chequers_serial_rivers_micro_d, uniq_amaemon
Lair:3:   nzn_winding_woodlands_three_and_one
          [nzn_winding_woodlands_5x15_longhouse,
          nzn_winding_woodlands_5x15_lazy_stream,
          nzn_winding_woodlands_5x15_pathside_ponds,
          nzn_winding_woodlands_center_triple_pond], layout_layer_cave,
          minmay_snake_entry_guardpost_small
Lair:4:   layout_cave_pods, nicolae_slime_entry_field_trip,
          serial_bayou_shore_a, grunt_megastairs_1
Lair:5:   grunt_lair_end_beastmaster, layout_small_grid, basic_altar,
          grunt_megastairs_2, uniq_snorg

Skill      XL: |  1  2  3  4  5  6  7  8  9 10 11 12 13 14 |
---------------+-------------------------------------------+-----
Axes           | 3 4 5 6 7 9 11 13 15 16 17 18 | 18.6
Fighting       | 6 11 14 | 14.6
Dodging        | 2 |  2.3
Armour         | 2 |  2.9

Action                     |  1- 3 |  4- 6 |  7- 9 | 10-12 | 13-15 || total
---------------------------+-------+-------+-------+-------+-------++-------
  Melee: Hand axe          |   113 |   276 |   103 |       |       ||   492
         Punch             |     2 |       |     1 |       |       ||     3
         Dagger            |       |     3 |       |       |       ||     3
         Executioner's axe |       |       |   110 |   329 |   239 ||   678
         Headbutt          |       |       |     6 |       |       ||     6
         Flail             |       |       |       |     3 |    31 ||    34
  Throw: Stone             |     5 |       |       |       |       ||     5
         Dart              |       |       |       |       |     4 ||     4
  Evoke: Piece from Xom's  |       |     1 |       |       |       ||     1
         Wand              |       |       |       |     2 |     7 ||     9
    Use: Scroll            |     1 |     9 |     5 |     6 |     7 ||    28
         Potion            |       |     3 |       |     4 |     3 ||    10
   Stab: Petrified         |       |     5 |       |       |    13 ||    18
         Petrifying        |       |     3 |       |       |     5 ||     8
         Paralysed         |       |     1 |       |     1 |       ||     2
         Distracted        |       |       |     1 |     1 |       ||     2
         Invisible         |       |       |       |     2 |     5 ||     7
         Sleeping          |       |       |       |     1 |     1 ||     2
 Armour: Leather armour    |     9 |    77 |    46 |     5 |       ||   137
         Scale mail        |    35 |    29 |       |       |       ||    64
         Quicksilver drago |       |       |       |   124 |    56 ||   180
         Troll leather arm |       |       |       |       |    47 ||    47
  Dodge: Dodged            |    55 |   154 |   166 |   412 |   271 ||  1058
  Block: Buckler           |       |       |     9 |       |       ||     9

Table legend: (Time is in decaauts)
 A = Elapsed time spent in this place.
 B = Non-inter-level travel time spent in this place.
 C = Inter-level travel time spent in this place.
 D = Time resting spent in this place.
 E = Time spent auto-exploring this place.
 F = Levels seen in this place.
 G = Mean time per level.
                   A        B        C        D        E       F      G
               +--------+--------+--------+--------+--------+-----+--------+
         Total |  18401 |  17826 |    575 |   1085 |  13526 |  18 | 1022.3 |
       Dungeon |  10814 |  10415 |    399 |     69 |   8413 |  12 |  901.2 |
          Lair |   6860 |   6684 |    176 |    941 |   4668 |   5 | 1372.0 |
         Sewer |    727 |    727 |      0 |     75 |    444 |   1 |  727.0 |
               +--------+--------+--------+--------+--------+-----+--------+

Top non-repeatable levels by time:
  Lair:3: 1964 daAuts
  Lair:5: 1703 daAuts
     D:3: 1293 daAuts
  Lair:4: 1276 daAuts
     D:5: 1203 daAuts
     D:7: 1076 daAuts
  Lair:2: 1071 daAuts
    D:11: 1060 daAuts
     D:6: 966 daAuts
     D:4: 899 daAuts
     D:2: 898 daAuts
     D:1: 877 daAuts
  Lair:1: 844 daAuts
     D:8: 830 daAuts
    D:10: 729 daAuts

Table legend:
 A = Kills in this place as a percentage of kills in entire the game.
 B = Kills by you in this place as a percentage of kills by you in the entire game.
 C = Kills by friends in this place as a percentage of kills by friends in the entire game.
 D = Other kills in this place as a percentage of other kills in the entire game.
 E = Experience gained in this place as a percentage of experience gained in the entire game.
 F = Experience gained in this place divided by the number of levels of this place that you have seen.
                   A       B       C       D       E      F
               +-------+-------+-------+-------+-------+----------------------
         Total | 100.0 | 100.0 | 100.0 | 100.0 | 100.0 | 4110.9
       Dungeon |  54.9 |  54.2 |  81.8 |  50.0 |  25.4 | 1566.3
          Lair |  34.6 |  34.9 |  18.2 |  50.0 |  74.4 | 11015.4
         Sewer |  10.5 |  10.8 |   0.0 |   0.0 |   0.2 | 123.0
               +-------+-------+-------+-------+-------+----------------------
